 Dungeon Sprint DCSS version 0.27-a0-1119-gbf574a6a6b (webtiles) character file.

Game seed: 9782198323761816986

5744 Zeld the Destroyer (level 10, -1/53 HPs)
             Began as an Octopode Conjurer on May 2, 2021.
             Was a High Priest of Sif Muna.
             Slain by a demonic crawler (13 damage)
             ... in the Dungeon (Sprint I: "Red Sonja").
             The game lasted 00:05:20 (3856 turns).

Zeld the Destroyer (Octopode Conjurer)              Turns: 3856, Time: 00:05:20

Health: -1/53      AC:  1    Str:  4    XL:     10   Next: 77%
Magic:  9/21       EV: 16    Int: 23    God:    Sif Muna [*****.]
Gold:   203        SH:  0    Dex: 10    Spells: 16/27 levels left

rFire    . . .     SeeInvis .   (no weapon)
rCold    . . .     Faith    .   (no shield)
rNeg     . . .     Spirit   .   (helmet restricted)
rPois    .         Reflect  .   (no amulet)
rElec    .         Harm     .   (no ring)
rCorr    .         Rampage  .   (no ring)
Will     .....     Rnd*Rage +   (no ring) Stlth +++.......NoTele +
                                (no ring)
HPRegen  0.17/turn              (no ring)
MPRegen  0.17/turn              (no ring)
                                (no ring)
                                (no ring)

@: unable to read, very slightly contaminated, invisible
A: almost no armour, amphibious, 8 rings, camouflage 1, gelatinous body 1,
(nimble swimmer 1), tentacles, antennae 1, tentacle spike 1, berserk 2, frail 3,
low mp 1, screaming 2, weak 2, no potion heal 1, inability to read while
threatened
a: Renounce Religion, Channel Magic, Forget Spell, Divine Exegesis


You were in the Dungeon.
You worshipped Sif Muna.
Sif Muna was extremely pleased with you.
You visited 1 branch You collected 835 gold pieces.
You spent 632 gold pieces at shops.

Inventory:

Scrolls
 a - 2 scrolls of identify {unknown}
 g - a scroll of blinking
 h - a scroll of immolation {unknown}
 j - a scroll of enchant armour {unknown}
 l - a scroll of enchant weapon {unknown}
 m - a scroll of magic mapping
Potions
 b - 7 potions of curing
 c - 2 potions of heal wounds
 d - a potion of haste
 e - a potion of magic
 f - a potion of lignification {unknown}
 i - a potion of invisibility
 k - a potion of might {unknown}


   Skills:
 + Level 9.9 Fighting
 + Level 10.1 Dodging
 - Level 2.6 Stealth
 + Level 9.4 Spellcasting
 * Level 14.0 Conjurations
 - Level 6.0 Hexes
 - Level 11.1 Translocations


You had 16 spell levels left.
You knew the following spells:

 Your Spells              Type           Power      Damage    Failure   Level
a - Magic Dart            Conj           100%       1d8       1%          1
b - Searing Ray           Conj           100%       3d7       1%          2
c - Fulminant Prism       Conj/Hex       27%        3d14      1%          4
d - Iskenderun's Mystic   Conj/Tloc      62%        2d13      1%          4

Your spell library contained the following spells:

 Spells                   Type           Power      Damage    Failure   Level
 Dazzling Flash           Conj/Hex       100%       N/A       1%          3
 Stone Arrow              Conj/Erth      86%        3d12      1%          3
 Corpse Rot               Necr/Air       N/A        N/A       9%          2
 Summon Forest            Summ/Tloc      18%        N/A       17%         5
 Hydra Form               Tmut           5%         N/A       86%         5
 Eringya's Noxious Bog    Tmut/Pois      5%         N/A       100%        6
 Summon Hydra             Summ           5%         N/A       100%        7


Dungeon Overview and Level Annotations

Branches:
Dungeon (1/1)

Altars:
Cheibriados
Dithmenos
Elyvilon
Fedhas
Gozag
Hepliaklqana
Kikubaaqudgha
Makhleb
Nemelex Xobeh
Okawaru
Qazlal
Ru
Sif Muna
Trog
Uskayaw
Vehumet
Wu Jian
Xom
Yredelemnul
Zin
The Shining One
Jiyva
Lugonu

Shops:
D !=[*[?[


Innate Abilities, Weirdness & Mutations

You cannot wear most types of armour.
You are amphibious.
You can wear up to eight rings at the same time.
Your skin changes colour to match your surroundings (Stealth+).
Your rubbery body absorbs attacks. (AC +1, EV +1)
((You are camouflaged near water. (Stealth+)))
You have tentacles for arms and can constrict up to eight enemies at once.
You have a pair of small antennae on your head.
One of your tentacles bears a spike.
You often lose your temper in combat.
You are extremely frail. (-30% HP)
Your magical capacity is low. (-10% MP)
You frequently scream uncontrollably at your foes.
You are very weak. (Str -4)
Potions are less effective at restoring your health.
You sometimes lose the ability to read scrolls when taking damage.


Message History

The demonic crawler is severely wounded.
The demonic crawler is knocked back by the mystic blast.
The demonic crawler hits you.
You feel threatened and lose the ability to read scrolls!
The demonic crawler completely misses you.
The demonic crawler hits you.
Unknown command.
Casting: Iskenderun's Mystic Blast (safe; 1% risk of failure)
Confirm with . or Enter, or press ? or * to list all spells.
You erupt in a blast of force!
The mystic blast hits the demonic crawler!
The demonic crawler is almost dead.
The demonic crawler is knocked back by the mystic blast.
The demonic crawler collides with the demonic crawler!
The mystic blast hits the demonic crawler.
The demonic crawler is severely wounded.
The demonic crawler is knocked back by the mystic blast.
The demonic crawler slams into the stone wall!
The demonic crawler hits you! The demonic crawler hits you.
The demonic crawler hits you!
* * * LOW HITPOINT WARNING * * *
Unknown command.
There is an open door here.
Casting: Iskenderun's Mystic Blast (safe; 1% risk of failure)
Confirm with . or Enter, or press ? or * to list all spells.
You erupt in a blast of force!
The mystic blast hits the demonic crawler!
The demonic crawler is moderately wounded.
The mystic blast hits the demonic crawler.
The demonic crawler is almost dead.
The demonic crawler is knocked back by the mystic blast.
The demonic crawler collides with the demonic crawler!
You kill the demonic crawler!
Sif Muna accepts your kill.
Sif Muna will now gift you books as you gain piety.
The mystic blast hits the demonic crawler!
You kill the demonic crawler!
Sif Muna accepts your kill. The demonic crawler barely misses you.
The demonic crawler hits you!
You die...

########################
.#.)'..#..'..#__#..))..#
.').#..)..#..'..@ss#...##+#
.#####'#####'#__####...'..#
.####..#...#(#### #####..+
.#__####..##[# ##
.#_____##'#_.+
⌠#_.∩...'.(._#
##_..__##_.#'##+###
#_____###'#)#..(.###
##########.####'###.##


You could see 2 demonic crawlers.

Vanquished Creatures
  Sonja (D)
  A deep troll (D)
  8 shining eyes (D)
  2 kobold demonologists (D)
  2 demonic crawlers (D)
  A slime creature (D)
  Sigmund (D)
  A yak (D)
  5 floating eyes (D)
  An ogre (D)
  A jelly (D)
  Ijyb (D)
  2 ballistomycete spores (D)
27 creatures vanquished.

Vanquished Creatures (others)
  A gargoyle (D)
1 creature vanquished.

Grand Total: 28 creatures vanquished

Notes
Turn   | Place    | Note
-------+----------+-------------------------------------------
     0 | D        | Zeld the Octopode Conjurer began the quest for the Orb.
     0 | D        | Reached XP level 1. HP: 11/11 MP: 3/3
     5 | D        | Noticed Ijyb
   126 | D        | Killed Ijyb
   127 | D        | Reached skill level 5 in Conjurations
   127 | D        | Reached XP level 2. HP: 8/19 MP: 3/6
   127 | D        | Reached XP level 3. HP: 11/24 MP: 3/7
   158 | D        | Learned a level 2 spell: Searing Ray
   208 | D        | Killed a gargoyle
   421 | D        | Noticed an ogre
   426 | D        | Killed an ogre
   427 | D        | Reached skill level 7 in Conjurations
   427 | D        | Reached XP level 4. HP: 11/33 MP: 2/10
   432 | D        | Learned a level 4 spell: Fulminant Prism
   437 | D        | Learned a level 4 spell: Iskenderun's Mystic Blast
   794 | D        | Noticed Sigmund
   800 | D        | Killed Sigmund
   801 | D        | Reached skill level 5 in Hexes
   801 | D        | Reached skill level 5 in Translocations
   801 | D        | Reached XP level 5. HP: 37/37 MP: 3/11
   801 | D        | Reached XP level 6. HP: 43/43 MP: 3/12
  1019 | D        | Found an ornate altar of the Wu Jian Council.
  1019 | D        | Found a shimmering blue altar of Sif Muna.
  1021 | D        | Found a radiant altar of Vehumet.
  1027 | D        | Became a worshipper of Sif Muna the Loreminder
  1118 | D        | Found Woamaemo's Assorted Antiques.
  1118 | D        | Found an ancient bone altar of Kikubaaqudgha.
  1118 | D        | Found a hazy altar of Hepliaklqana.
  1118 | D        | Found a hide-covered altar of Uskayaw.
  1118 | D        | Found a basalt altar of Yredelemnul.
  1118 | D        | Found an opulent altar of Gozag.
  1118 | D        | Found a snail-covered altar of Cheibriados.
  1118 | D        | Found a sacrificial altar of Ru.
  1118 | D        | Found a shadowy altar of Dithmenos.
  1118 | D        | Noticed a yak
  1119 | D        | Found a stormy altar of Qazlal.
  1119 | D        | Found a blossoming altar of Fedhas.
  1119 | D        | Found a bloodstained altar of Trog.
  1119 | D        | Found an iron altar of Okawaru.
  1119 | D        | Found a glowing silver altar of Zin.
  1127 | D        | Killed a yak
  1128 | D        | Reached XP level 7. HP: 46/47 MP: 5/13
  1158 | D        | Found a glowing golden altar of the Shining One.
  1158 | D        | Found a white marble altar of Elyvilon.
  1164 | D        | Found a sparkling altar of Nemelex Xobeh.
  1188 | D        | Bought a scroll labelled HEENWURIBE for 32 gold pieces
  1188 | D        | Bought a potion of curing for 96 gold pieces
  1188 | D        | Bought a viscous emerald potion for 28 gold pieces
  1188 | D        | Bought a scroll labelled HEENWURIBE for 32 gold pieces
  1188 | D        | Bought a scroll labelled CAEWEU TESHOLI for 32 gold pieces
  1328 | D        | Found a burning altar of Makhleb.
  1328 | D        | Found a viscous altar of Jiyva.
  1328 | D        | Found a shimmering altar of Xom.
  1328 | D        | Found a corrupted altar of Lugonu.
  1328 | D        | Noticed a slime creature
  1346 | D        | Killed a slime creature
  1346 | D        | Reached * piety under Sif Muna
  1598 | D        | Noticed Sonja
  1604 | D        | Killed Sonja
  1605 | D        | Reached skill level 5 in Fighting
  1605 | D        | Reached skill level 5 in Spellcasting
  1605 | D        | Reached skill level 9 in Conjurations
  1605 | D        | Reached XP level 8. HP: 26/56 MP: 1/16
  2032 | D        | Found Loloh's Distillery.
  2040 | D        | Bought a potion of curing for 30 gold pieces
  2040 | D        | Bought a potion of curing for 30 gold pieces
  2040 | D        | Bought a potion of heal wounds for 50 gold pieces
  2040 | D        | Bought a potion of invisibility for 80 gold pieces
  2040 | D        | Bought a potion of invisibility for 80 gold pieces
  2062 | D        | Noticed a deep troll
  2071 | D        | Killed a deep troll
  2072 | D        | Reached skill level 10 in Conjurations
  2072 | D        | Reached XP level 9. HP: 14/63 MP: 11/18
  2168 | D        | Found Ycvesch's Armour Emporium.
  2229 | D        | Noticed a shining eye
  2229 | D        | Noticed a shining eye
  2229 | D        | Noticed a shining eye
  2233 | D        | Paralysed by a floating eye for 3 turns
  2241 | D        | Gained mutation: You are frail. (-10% HP) [a shining eye]
  2245 | D        | Killed a shining eye
  2245 | D        | Reached ** piety under Sif Muna
  2246 | D        | Reached skill level 11 in Conjurations
  2419 | D        | Gained mutation: You tend to lose your temper in combat. [a
                  | shining eye]
  2664 | D        | Gained mutation: You are very frail. (-20% HP) [a shining
                  | eye]
  2665 | D        | Gained mutation: You often lose your temper in combat. [a
                  | shining eye]
  2668 | D        | Killed a shining eye
  2826 | D        | Noticed a shining eye
  2826 | D        | Noticed a shining eye
  2826 | D        | Noticed a shining eye
  2829 | D        | Gained mutation: You are weak. (Str -2) [a shining eye]
  2831 | D        | Gained mutation: You have a pair of small antennae on your
                  | head. [a shining eye]
  2834 | D        | Gained mutation: One of your tentacles bears a spike. [a
                  | shining eye]
  2835 | D        | Gained mutation: You are very weak. (Str -4) [a shining
                  | eye]
  2836 | D        | Killed a shining eye
  2837 | D        | Reached skill level 12 in Conjurations
  2838 | D        | Gained mutation: Potions are less effective at restoring
                  | your health. [a shining eye]
  2843 | D        | Gained mutation: You sometimes lose the ability to read
                  | scrolls when taking damage. [a shining eye]
  2845 | D        | Killed a shining eye
  2845 | D        | Reached *** piety under Sif Muna
  2845 | D        | Killed a shining eye
  2846 | D        | Reached XP level 10. HP: 58/58 MP: 6/22
  2998 | D        | Gained mutation: You occasionally shout uncontrollably at
                  | your foes. [a shining eye]
  3014 | D        | Killed a shining eye
  3015 | D        | Reached skill level 13 in Conjurations
  3238 | D        | Noticed a shining eye
  3238 | D        | Noticed a shining eye
  3242 | D        | Gained mutation: Your magical capacity is low. (-10% MP) [a
                  | shining eye]
  3252 | D        | Gained mutation: You frequently scream uncontrollably at
                  | your foes. [a shining eye]
  3257 | D        | Killed a shining eye
  3257 | D        | Reached **** piety under Sif Muna
  3399 | D        | Gained mutation: You are extremely frail. (-30% HP) [a
                  | shining eye]
  3404 | D        | Killed a shining eye
  3411 | D        | Found Qoni's Armour Shop.
  3411 | D        | Found Lomes's Jewellery Shoppe.
  3411 | D        | Found Giroeboh's Magic Scroll Boutique.
  3411 | D        | Found Fuesiune's Armour Emporium.
  3429 | D        | Bought a scroll of magic mapping for 38 gold pieces
  3429 | D        | Bought a scroll of summoning for 104 gold pieces
  3597 | D        | Noticed a kobold demonologist
  3597 | D        | Noticed a kobold demonologist
  3597 | D        | Paralysed by a floating eye for 2 turns
  3601 | D        | Killed a kobold demonologist
  3602 | D        | Reached skill level 10 in Dodging
  3605 | D        | Noticed a sixfirhy
  3609 | D        | Killed a kobold demonologist
  3610 | D        | Reached skill level 14 in Conjurations
  3856 | D        | Reached ***** piety under Sif Muna
  3856 | D        | Slain by a demonic crawler

Illustrated notes

Levels and vault maps discovered:
D:        dungeon_sprint_1 [red_sonja_temple_1, red_sonja_temple_small_1]

Skill      XL: |  1  2  3  4  5  6  7  8  9 10 |
---------------+-------------------------------+-----
Fighting       | 2 3 5 6 8 9 |  9.9
Dodging        | 3 4 6 9 10 | 10.1
Spellcasting   | 3 4 5 6 8 9 |  9.4
Conjurations   | 5 7 9 10 12 14 | 14.0
Hexes          | 5 6 |  6.0
Translocations | 5 9 11 | 11.1
Stealth        | |  2.6

Action                   |  1- 3 |  4- 6 |  7- 9 | 10-12 || total
-------------------------+-------+-------+-------+-------++-------
Melee: Unarmed           |     4 |     2 |     1 |       ||     7
       Constrict         |     1 |       |     1 |       ||     2
 Cast: Magic Dart        |     1 |       |    10 |     8 ||    19
       Searing Ray       |     1 |     5 |    17 |    10 ||    33
       Iskenderun's Myst |       |       |     8 |     5 ||    13
Invok: Channel Magic     |       |       |     1 |     1 ||     2
  Use: Potion            |     1 |       |     1 |     1 ||     3
       Scroll            |       |       |       |     1 ||     1
Dodge: Dodged            |       |     8 |     7 |     7 ||    22

Table legend: (Time is in decaauts)
 A = Elapsed time spent in this place.
 B = Non-inter-level travel time spent in this place.
 C = Inter-level travel time spent in this place.
 D = Time resting spent in this place.
 E = Time spent auto-exploring this place.
 F = Levels seen in this place.
 G = Mean time per level.
                   A        B        C        D        E       F      G
               +--------+--------+--------+--------+--------+-----+--------+
         Total |   3865 |   3844 |     21 |   3333 |      0 |   1 | 3865.0 |
       Dungeon |   3865 |   3844 |     21 |   3333 |      0 |   1 | 3865.0 |
               +--------+--------+--------+--------+--------+-----+--------+

Top non-repeatable levels by time:
       D: 3865 daAuts
